 Dungeon Sprint DCSS version 0.27.1 (webtiles) character file.

Game seed: 5984393595171492759

143 styxcanada the Covert (level 5, -13/28 HPs)
             Began as a Spriggan Brigand on Aug 31, 2021.
             Was an Initiate of Gozag.
             Splashed by an oklob sapling wizard's acid (18 damage)
             ... in the Dungeon (Sprint IV: "Fedhas' Mad Dash").
             The game lasted 00:01:43 (112 turns).

styxcanada the Covert (Spriggan Brigand)             Turns: 112, Time: 00:01:43

Health: -13/28     AC: -1    Str:  7    XL:     5   Next: 4%
Magic:  3/6        EV: 19    Int: 12    God:    Gozag
Gold:   80         SH:  0    Dex: 18    Spells: 4/4 levels left

rFire    . . .     SeeInvis +   a - +2 dagger
rCold    . . .     Faith    .   (shield restricted)
rNeg     . . .     Spirit   .   b - +0 robe
rPois    .         Reflect  .   (helmet restricted)
rElec    .         Harm     .   c - +0 cloak
rCorr    .         Rampage  .   (gloves unavailable)
Will     .....     NoTele   +   (boots unavailable)
Stlth    ++........             n - amulet of invisibility {+Inv}
HPRegen  0.09/turn              (no ring)
MPRegen  0.10/turn              (no ring)

@: corroded, contaminated, glowing, invisible (but backlit and visible), very
quick
A: very small, no large weapons, unfitting armour, see invisible, speed 3
a: Renounce Religion, Evoke Invisibility, Potion Petition, Call Merchant, Bribe
Branch


You were in the Dungeon.
You worshipped Gozag.
Gozag was noncommittal.
You visited 1 branch You collected 80 gold pieces.

Inventory:

Hand Weapons
 a - a +2 dagger (weapon)
Missiles
 d - 8 poisoned darts
 e - 2 curare-tipped darts (quivered)
 m - 7 atropa-tipped darts
Armour
 b - a +0 robe (worn)
 c - a +0 cloak (worn)
Jewellery
 n - the amulet of invisibility (around neck) {+Inv}
   (You found it in the Dungeon)

   [amulet of nothing]

   +Inv:      It lets you turn invisible.
Scrolls
 k - a scroll of blinking
 l - a scroll of identify {unknown}
Potions
 f - a potion of curing
 g - a potion of heal wounds
 h - a potion of haste
 i - 2 potions of magic
 j - a potion of berserk rage


   Skills:
 * Level 3.1 Fighting
 + Level 3.1 Short Blades
 + Level 3.4 Throwing
 * Level 4.3 Dodging
 * Level 13.2 Stealth
 * Level 2.0 Evocations


You had 4 spell levels left.
You didn't know any spells.
Your spell library was empty.

Dungeon Overview and Level Annotations

Branches:
Dungeon (1/1)

Altars:
Cheibriados
Dithmenos
Elyvilon
Gozag
Hepliaklqana
Kikubaaqudgha
Makhleb
Nemelex Xobeh
Okawaru
Qazlal
Ru
Sif Muna
Trog
Uskayaw
Vehumet
Wu Jian
Xom
Yredelemnul
Zin
The Shining One
Beogh
Jiyva
Lugonu

Annotations:
D exclusion: oklob sapling


Innate Abilities, Weirdness & Mutations

You are very small and have problems with some larger weapons.
You are too small for most types of armour.
You have supernaturally acute eyesight. (SInv)
You cover ground extremely quickly. (Speed+++)


Message History

There is a hazy altar of Hepliaklqana here.
There is a viscous altar of Jiyva here.
The helpless oklob sapling priest fails to defend itself.
You skewer the oklob sapling priest like a kebab!!!
You destroy the oklob sapling priest!
Your Fighting skill increases to level 3!
Your Short Blades skill increases to level 3!
Your Dodging skill increases to level 4!
Your Stealth skill increases to level 13!
Your Evocations skill gained 2 levels and is now at level 2!
You have reached level 5!
You feel agile.
You now have 80 gold pieces (gained 45).
There is a corrupted altar of Lugonu here.
You flicker for a moment.
As you open the door, it creaks loudly!
An oklob sapling wizard comes into view.
Marking area around an oklob sapling as unsafe for travelling.
Found 21 gold pieces.
There is an open door here.
You hit the oklob sapling wizard but do no damage.
You hit the oklob sapling wizard.
The oklob sapling wizard is moderately damaged.
You hit the oklob sapling wizard.
The oklob sapling wizard is moderately damaged.
You flicker back into view.
You hit the oklob sapling wizard.
The oklob sapling wizard is moderately damaged.
You fade into invisibility!
You are contaminated with residual magic.
You hit the oklob sapling wizard but do no damage.
The oklob sapling wizard is moderately damaged.
The oklob sapling wizard spits acid at you.
The splash of acid hits you!
Ouch! That really hurt!
* * * LOW HITPOINT WARNING * * *
The acid corrodes you!
You are splashed with acid!!
Ouch! That really hurt!
You die...
Your body crumbles into a pile of gold.

###################
.#.⌠._._._._.⌠.#.$+$
.'.._._._._._..'@P#$
$ $
.#..._._._._...#..#
$ $$
##.._._._._._..#.$#
$ #._._._._._.⌠.####
$############### $
$$ $


You could see an oklob sapling wizard.

Vanquished Creatures
  A scorpion (D)
  2 oklob saplings (D)
  A river rat (D)
  A rat (D)
5 creatures vanquished.

Vanquished Creatures (others)
  A fungus (D)
1 creature vanquished.

Grand Total: 6 creatures vanquished

Notes
Turn   | Place    | Note
-------+----------+-------------------------------------------
     0 | D        | styxcanada the Spriggan Brigand began the quest for the
                  | Orb.
     0 | D        | Reached XP level 1. HP: 10/10 MP: 2/2
    18 | D        | Reached skill level 6 in Stealth
    23 | D        | Reached skill level 8 in Stealth
    23 | D        | Reached XP level 2. HP: 15/15 MP: 3/3
    38 | D        | Noticed an oklob sapling
    40 | D        | Killed an oklob sapling
    41 | D        | Reached skill level 9 in Stealth
    41 | D        | Reached XP level 3. HP: 18/18 MP: 4/4
    42 | D        | Noticed a scorpion
    42 | D        | Found the amulet of invisibility {+Inv}
    51 | D        | Killed a scorpion
    52 | D        | Reached skill level 12 in Stealth
    52 | D        | Reached XP level 4. HP: 12/23 MP: 5/5
    85 | D        | Found an opulent altar of Gozag.
    85 | D        | Found a hazy altar of Hepliaklqana.
    85 | D        | Found a burning altar of Makhleb.
    85 | D        | Found a sparkling altar of Nemelex Xobeh.
    85 | D        | Found a snail-covered altar of Cheibriados.
    85 | D        | Found a sacrificial altar of Ru.
    85 | D        | Found a shimmering blue altar of Sif Muna.
    85 | D        | Found a shimmering altar of Xom.
    85 | D        | Found a basalt altar of Yredelemnul.
    86 | D        | Found a viscous altar of Jiyva.
    86 | D        | Found a bloodstained altar of Trog.
    86 | D        | Found an ornate altar of the Wu Jian Council.
    87 | D        | Found an iron altar of Okawaru.
    87 | D        | Found a shadowy altar of Dithmenos.
    87 | D        | Found a glowing silver altar of Zin.
    88 | D        | Found an ancient bone altar of Kikubaaqudgha.
    88 | D        | Found a hide-covered altar of Uskayaw.
    89 | D        | Found a stormy altar of Qazlal.
    89 | D        | Found a white marble altar of Elyvilon.
    89 | D        | Found a glowing golden altar of the Shining One.
    90 | D        | Became a worshipper of Gozag Ym Sagoz the Greedy
    91 | D        | Found a corrupted altar of Lugonu.
    91 | D        | Found a radiant altar of Vehumet.
    96 | D        | Reached skill level 13 in Stealth
    96 | D        | Reached XP level 5. HP: 18/28 MP: 3/6
   112 | D        | Splashed by an oklob sapling wizard's acid

Illustrated notes

Levels and vault maps discovered:
D:        dungeon_sprint_fedhas [sprint_temple]

Skill      XL: |  1  2  3  4 |
---------------+-------------+-----
Stealth        | 8 9 12 13 | 13.2
Fighting       | 2 3 |  3.1
Dodging        | 2 3 4 |  4.3
Throwing       | 3 |  3.4
Short Blades   | 3 |  3.1
Evocations     | 2 |  2.0

Action                   |  1- 3 |  4- 6 || total
-------------------------+-------+-------++-------
Melee: Dagger            |     3 |     6 ||     9
Throw: Dart              |    11 |       ||    11
 Abil: Evoke Invisibilit |       |     2 ||     2
 Stab: Sleeping          |     1 |     1 ||     2
Dodge: Dodged            |     6 |       ||     6
